 Dungeon Crawl Stone Soup version 0.28.0-53-g5a82cb258f (webtiles) character file.

Game seed: 10383265875148363393

51 bwicke the Changer (level 3, -4/23 HPs)
             Began as an Octopode Transmuter on Aug 9, 2022.
             Was a Believer of Jiyva.
             Slain by a gnoll sergeant
             ... wielding a +0 spear
              (8 damage)
             ... on level 3 of the Dungeon.
             The game lasted 00:06:32 (1096 turns).

bwicke the Changer (Octopode Transmuter)            Turns: 1096, Time: 00:06:32

Health: -4/23      AC:  1    Str:  9    XL:     3   Next: 83%
Magic:  0/6        EV: 13    Int: 17    God:    Jiyva [**....]
Gold:   18         SH:  0    Dex: 18    Spells: 3/6 levels left

rFire   . . .      SeeInvis .     - Unarmed
rCold   . . .      Faith    .   (no shield)
rNeg    + . .      Spirit   +   (helmet currently unavailable)
rPois   .          Reflect  .   e - amulet of guardian spirit
rElec   .          Harm     .   g - ring of positive energy
rCorr   +          Rampage  .   m - +6 ring of dexterity
Will    .....                   (no ring)
Stlth   +++.......              (no ring)
HPRegen 1.03/turn               (no ring)
MPRegen 0.40/turn               (no ring)
                                (no ring)
                                (no ring)

@: appendages, wereblooded
A: tentacle spike 3, almost no armour, amphibious, 8 rings, camouflage 1,
gelatinous body 1, (nimble swimmer 1), tentacles
a: End Transformation, Renounce Religion


You were on level 3 of the Dungeon.
You worshipped Jiyva.
Jiyva was pleased with you.
One of your tentacles had grown a beastly spike.
You visited 1 branch of the dungeon, and saw 3 of its levels.

You collected 18 gold pieces.

Inventory:

Hand Weapons
 c - a +0 falchion
 d - a +0 dagger
 f - a +0 falchion
Missiles
 i - 4 boomerangs
 j - 23 stones
 l - 5 silver javelins
Jewellery
 e - an amulet of guardian spirit (around mantle)
 g - a ring of positive energy (left tentacle)
 m - a +6 ring of dexterity (right tentacle)
Scrolls
 b - a scroll of teleportation
 n - a scroll of fear {unknown}
Potions
 a - a potion of attraction {unknown}
 h - a potion of haste {unknown}
 k - a potion of resistance {unknown}


   Skills:
 - Level 1.0 Fighting
 - Level 2.0 Dodging
 - Level 3.0 Unarmed Combat
 - Level 2.0 Spellcasting
 + Level 4.0 Transmutations


You had 3 spell levels left.
You knew the following spells:

 Your Spells              Type           Power      Damage    Failure   Level
a - Beastly Appendage     Tmut           30%        N/A       3%          1
b - Wereblood             Tmut           15%        N/A       5%          2

Your spell library contained the following spells:

 Spells                   Type           Power      Damage    Failure   Level
 Spider Form              Tmut/Pois      8%         N/A       26%         3
 Ice Form                 Ice/Tmut       8%         N/A       63%         4


Dungeon Overview and Level Annotations

Branches:
Dungeon (3/15)

Altars:
Jiyva


Innate Abilities, Weirdness & Mutations

One of your tentacles has grown a beastly spike.
You cannot wear most types of armour.
You are amphibious.
You can wear up to eight rings at the same time.
Your skin changes colour to match your surroundings (Stealth+).
Your rubbery body absorbs attacks. (AC +1, EV +1)
((You are camouflaged when in or above water. (Stealth+)))
You have tentacles for arms and can constrict up to eight enemies at once.


Message History

Okay, then.
Unknown command.
A bat comes into view.
The gnoll shouts!
The hobgoblin shouts!
The gnoll sergeant shouts!
Casting: Beastly Appendage (safe; 3% risk of failure)
Press: ? - help, Q - select action, (/) - cycle Dir - look around, f - activate
Okay, then.
Unknown command.
Casting: Beastly Appendage (safe; 3% risk of failure)
Press: ? - help, Q - select action, (/) - cycle Dir - look around, f - activate One of your tentacles grows a vicious spike.
The gnoll shouts!
Casting: Beastly Appendage (safe; 3% risk of failure)
Confirm with . or Enter, or press ? or * to list all spells.
Your blood is infused with primal strength.
The bat barely misses you.
You barely miss the bat. You grab the bat.
Your tentacle spike misses the bat.
You constrict the bat. The bat hits you but does no damage.
The gnoll hits you from afar with a +0 spear!
The bat hits you but does no damage.
You tentacle-slap the bat.
You feel a bit better.
You kill the bat!
A gnoll comes into view. It is wielding a +0 spear.
The gnoll hits you from afar with a +0 spear.
The gnoll shouts!
You tentacle-slap the hobgoblin but do no damage.
You grab the hobgoblin.
You howl as the wereblood boils in your veins!
You constrict the hobgoblin. The gnoll closely misses you.
The hobgoblin hits you.
The gnoll sergeant hits you from afar with a +0 spear.
You tentacle-slap the hobgoblin.
You tentacle-slap the hobgoblin, but do no damage.
You squeeze the hobgoblin, but do no damage.
The hobgoblin is severely wounded.
You constrict the hobgoblin. The hobgoblin hits you.
The gnoll hits you from afar with a +0 spear!
* * * LOW HITPOINT WARNING * * *
The gnoll sergeant hits you from afar with a +0 spear!
You die...

.. ####### #.
#.....#
###.######.....#
...............#
...............#
#####.#.#####.##
#.......# #..#
#.###<### ##.#
### #@# #g##
#gg#
#...gg.......
#b...g.......
#.......g....
#...!........
#............
#............


You could see a gnoll sergeant, 5 gnolls and a hobgoblin.

Vanquished Creatures
  3 adders (D:2)
  A worm (D:2)
  4 orcs (D:2)
  5 ball pythons
  A bat (D:3)
  3 hobgoblins
  A kobold (D:2)
  3 rats
21 creatures vanquished.

Vanquished Creatures (others)
  2 adders (D:2)
  2 endoplasms (D:2)
  A ball python (D:2)
  A hobgoblin (D:2)
  A bat (D:2)
  A frilled lizard (D:2)
  2 kobolds (D:2)
10 creatures vanquished.

Grand Total: 31 creatures vanquished

Notes
Turn   | Place    | Note
-------+----------+-------------------------------------------
     0 | D:1      | bwicke the Octopode Transmuter began the quest for the Orb.
     0 | D:1      | Reached XP level 1. HP: 13/13 MP: 3/3
   259 | D:1      | Found a faded altar of an unknown god.
   293 | D:1      | Prayed at the altar of an unknown god.
   293 | D:1      | Became a worshipper of Jiyva Jejamasc the Shapeless
   293 | D:1      | Reached * piety under Jiyva
   336 | D:1      | Reached XP level 2. HP: 18/18 MP: 5/5
   550 | D:1      | Learned a level 2 spell: Wereblood
   656 | D:2      | Reached skill level 3 in Transmutations
   666 | D:2      | Reached XP level 3. HP: 4/23 MP: 3/6
   719 | D:2      | Reached ** piety under Jiyva
   764 | D:2      | Reached skill level 4 in Transmutations
  1085 | D:3      | Noticed a gnoll sergeant
  1096 | D:3      | Slain by a gnoll sergeant

Illustrated notes

Levels and vault maps discovered:
D:1:      psy_arrival_radial01, layout_basic, ebering_ecumenical_altar_hall
D:2:      layout_rooms
D:3:      layout_basic, grunt_decor_cap, kennysheep_minor_cross

Skill      XL: |  1  2  3 |
---------------+----------+-----
Transmutations | 3 4 |  4.0
Fighting       | |  1.0
Dodging        | |  2.0
Unarmed Combat | |  3.0
Spellcasting   | |  2.0

Action                   || total
-------------------------++-------
Melee: Unarmed           ||    43
       Constrict         ||    17
       Kick              ||    13
       Punch             ||     4
       Tentacles         ||     8
 Cast: Beastly Appendage ||    12
       Wereblood         ||     2
  Use: Scroll            ||     3
 Stab: Sleeping          ||     6
Armor: Skin              ||     4
Dodge: Dodged            ||    24
